 Dungeon Crawl Stone Soup version 0.21.0-3-g78d12a8bdd (webtiles) character file.

41 DildoBatman the Sneak (level 3, 0/29 HPs)
             Began as a Formicid Enchanter on Jan 10, 2018.
             Slain by a kobold
             ... wielding a +0 dagger
              (3 damage)
             ... on level 1 of the Dungeon.
             The game lasted 00:02:50 (1018 turns).

DildoBatman the Sneak (Formicid Enchanter)          Turns: 1018, Time: 00:02:51

Health: 0/29       AC:  2    Str: 13    XL:     3   Next: 75%
Magic:  3/6        EV: 12    Int: 14    God:
Gold:   42         SH:  0    Dex: 11    Spells: 2/6 levels left

rFire    . . .     SeeInvis +   a - +1 dagger
rCold    . . .     Gourm    .   (no shield)
rNeg     . . .     Faith    .   b - +0 robe
rPois    .         Spirit   .   (helmet unavailable)
rElec    .         Reflect  .   (no cloak)
rCorr    .         Harm     .   (no gloves)
MR       .....                  (no boots)
Stlth    ++........             (no amulet)
HPRegen  0.09/turn              (no ring)
MPRegen  0.10/turn              (no ring)

@: no status effects
A: permanent stasis, dig shafts and tunnels, four strong arms, antennae 3
a: Dig, Shaft Self


You were on level 1 of the Dungeon.
You were hungry.

You visited 1 branch of the dungeon, and saw 1 of its levels.

You collected 42 gold pieces.

Inventory:

Hand Weapons
 a - a +1 dagger (weapon)
 l - a +0 spear
Armour
 b - a +0 robe (worn)
 g - a +0 buckler
Scrolls
 e - 3 scrolls of enchant armour {unknown}
 j - a scroll of teleportation {unknown}
 k - 2 scrolls of identify {unknown}
 m - a scroll of fog {unknown}
 n - a scroll of remove curse {unknown}
Potions
 h - a potion of degeneration {unknown}
 i - a potion of might {unknown}
Books
 c - a book of Maledictions

   Spells                             Type                      Level
   a - Corona                         Hexes                        1
   b - Ensorcelled Hibernation        Hexes/Ice                    2
   c - Confuse                        Hexes                        3
   d - Tukima's Dance                 Hexes                        3
   e - Dazzling Spray                 Conjuration/Hexes            3
Comestibles
 d - 3 rations
 f - 3 chunks of flesh


   Skills:
 - Level 3.0 Fighting
 - Level 1.0 Short Blades
 - Level 1.7 Dodging
 * Level 4.1 Stealth
 - Level 2.1 Spellcasting
 - Level 3.6 Hexes


You had 2 spell levels left.
You knew the following spells:

 Your Spells              Type           Power        Failure   Level  Hunger
a - Corona                Hex            ##.....      5%          1    #......
b - Confuse               Hex            ##......     16%         3    ###....


Dungeon Overview and Level Annotations

Branches:
Dungeon (1/15)

Altars:


Innate Abilities, Weirdness & Mutations

You cannot be hasted, slowed, berserked, paralysed or teleported.
You can dig through walls and to a lower floor.
Your four strong arms can wield two-handed weapons with a shield.
You have a pair of large antennae on your head. (SInv)


Message History

You closely miss the kobold.
The kobold is heavily wounded.
The kobold hits you with a dagger.
You barely miss the kobold.
The kobold is heavily wounded.
The kobold hits you with a dagger.
You hit the kobold but do no damage.
The kobold is heavily wounded.
The kobold hits you but does no damage.
You hit the kobold but do no damage.
The kobold is heavily wounded.
The kobold hits you with a dagger.
You hit the kobold.
The kobold is severely wounded.
The kobold hits you with a dagger.
You hit the kobold but do no damage.
The kobold is severely wounded.
The kobold stops glowing.
The kobold hits you with a dagger.
You die...

###.#.#.#.# {
........#.##### .#
###.#.#....>..###.##.###
#.#.............#.r..#
###.###.#..##.###.#....#
.##.#.............#....###
.##.#.#...#.#.#####>......
....#.#...#.#.#####.......
......#...#.#(..@Kg.......
{
#######...#.#######.......
..........#.# .......
###########.# #.##... ..#
.# .. ### .# . { #


You could see a goblin and a kobold.

Vanquished Creatures
  A dart slug (D:1)
  2 leopard geckos (D:1)
  6 bats (D:1)
  A giant cockroach (D:1)
  4 goblins (D:1)
  4 hobgoblins (D:1)
  3 jackals (D:1)
  3 kobolds (D:1)
  3 frilled lizards (D:1)
  6 rats (D:1)
33 creatures vanquished.

Notes
Turn   | Place    | Note
-------+----------+-------------------------------------------
     0 | D:1      | DildoBatman the Formicid Enchanter began the quest for the Orb.
     0 | D:1      | Reached XP level 1. HP: 13/13 MP: 3/3
    56 | D:1      | Reached skill level 1 in Fighting
   212 | D:1      | Reached XP level 2. HP: 16/21 MP: 5/5
   485 | D:1      | Reached XP level 3. HP: 26/28 MP: 6/6
   501 | D:1      | Learned a level 3 spell: Confuse
   992 | D:1      | Reached skill level 4 in Stealth
  1018 | D:1      | Slain by a kobold

Skill      XL: |  1  2  3 |
---------------+----------+-----
Fighting       | 1 2 3 |  3.0
Stealth        | 4 |  4.1
Short Blades   | |  1.0
Dodging        | |  1.7
Spellcasting   | |  2.1
Hexes          | |  3.6

Action                   || total
-------------------------++-------
Melee: Dagger            ||   107
 Cast: Corona            ||    13
 Stab: Sleeping          ||     8
Armor: Robe              ||    26
Dodge: Dodged            ||    63
